 Dungeon Crawl Stone Soup version 0.22.1-1-ga44c0e56f4 (webtiles) character file.

33756 D1HalberdGnoll the Cleaver (level 13, -1/105 HPs)
             Began as a Ghoul Fighter on Oct 26, 2018.
             Was an Elder of Hepliaklqana.
             Killed from afar by a rime drake (5 damage)
             ... with a flash freeze
             ... on level 4 of the Lair of Beasts.
             The game lasted 00:24:34 (12983 turns).

D1HalberdGnoll the Cleaver (Ghoul Fighter)         Turns: 12983, Time: 00:24:35

Health: -1/105     AC: 21    Str: 22    XL:     13   Next: 73%
Magic:  12/12      EV:  2    Int:  4    God:    Hepliaklqana [****..]
Gold:   1032       SH:  0    Dex: 10    Spells: 12/12 levels left

rFire    . . .     SeeInvis .   z - +5 broad axe (flame)
rCold    + . .     Gourm    .   c - +0 shield
rNeg     + + +     Faith    .   q - +1 plate armour
rPois    ∞         Spirit   .   d - +0 helmet
rElec    .         Reflect  .   t - +0 cloak
rCorr    .         Harm     .   k - +0 pair of gloves
MR       .....                  v - +0 pair of boots
Stlth    ..........             (no amulet)
HPRegen  0.00/turn              (no ring)
MPRegen  0.13/turn              (no ring)

@: petrified, rotting
A: rotting body, reduced essence, claws 1, carnivore, cold resistance 1,
negative energy resistance 3, inhibited regeneration, torment resistance,
unbreathing
a: Recall Ancestor, Ancestor Identity, Transference, Idealise, Renounce Religion


You were on level 4 of the Lair of Beasts.
You worshipped Hepliaklqana.
Hepliaklqana was greatly pleased with you.
You were not hungry.

You visited 3 branches of the dungeon, and saw 15 of its levels.

You collected 1032 gold pieces.

Inventory:

Hand Weapons
 z - a +5 broad axe of flaming (weapon)
Missiles
 A - 12 tomahawks (quivered)
Armour
 c - a +0 shield (worn)
 d - a +0 helmet (worn)
 k - a +0 pair of gloves (worn)
 q - a +1 plate armour (worn)
 t - a +0 cloak (worn)
 v - a +0 pair of boots (worn)
Jewellery
 p - an uncursed amulet of the acrobat {unknown}
 D - a +2 ring of intelligence
 K - an uncursed amulet of harm {unknown}
Wands
 n - a wand of digging (10)
 o - a wand of paralysis (27)
 u - a wand of polymorph (44)
 y - a wand of random effects (60)
 B - a wand of flame (44)
 I - a wand of iceblast (11)
Scrolls
 a - 2 scrolls of amnesia
 e - 3 scrolls of fog
 g - 9 scrolls of remove curse
 j - 5 scrolls of teleportation
 l - 6 scrolls of identify
 m - a scroll of enchant armour
 w - 2 scrolls of brand weapon
 E - a scroll of fear
 J - 2 scrolls of magic mapping {unknown}
Potions
 b - a potion of berserk rage {unknown}
 h - 3 potions of curing {unknown}
 i - 3 potions of heal wounds
 r - 3 potions of flight {unknown}
 s - a potion of might
 x - a potion of haste
 C - 2 potions of ambrosia {unknown}
 F - a potion of magic
 G - 2 potions of agility
 H - 2 potions of cancellation {unknown}
Comestibles
 f - 31 rations


   Skills:
 + Level 11.7 Fighting
 * Level 13.3 Axes
 - Level 10.0 Armour
 + Level 10.1 Shields


You had 12 spell levels left.
You didn't know any spells.
Your spell library contained the following spells:

 Spells                   Type           Power        Failure   Level  Hunger
 Animate Skeleton         Necr           N/A          100%        1    ##.....
 Apportation              Tloc           #.....       100%        1    ##.....
 Confusing Touch          Hex            #.....       100%        1    ##.....
 Magic Dart               Conj           #...         100%        1    ##.....
 Pain                     Necr           #...         100%        1    ##.....
 Summon Small Mammal      Summ           #...         100%        1    ##.....
 Blink                    Tloc           N/A          100%        2    ###....
 Call Imp                 Summ           #.......     100%        2    ###....
 Slow                     Hex            #.......     100%        2    ###....
 Sticks to Snakes         Tmut           #.......     100%        2    ###....
 Conjure Flame            Conj/Fire      #.......     100%        3    ####...
 Mephitic Cloud           Conj/Pois/Air  #.......     100%        3    ####...
 Regeneration             Chrm/Necr      #.........   100%        3    ####...
 Vampiric Draining        Necr           #.........   100%        3    ####...
 Animate Dead             Necr           N/A          100%        4    #####..
 Beastly Appendage        Tmut           Unusable     N/A         1    N/A
 Spider Form              Tmut/Pois      Unusable     N/A         3    N/A
 Ice Form                 Ice/Tmut       Unusable     N/A         4    N/A
 Blade Hands              Tmut           Unusable     N/A         5    N/A

Dungeon Overview and Level Annotations

Branches:
Dungeon (10/15)            Temple (1/1) D:5            Lair (4/6) D:9
  Swamp (0/4) Lair:2       Spider (0/4) Lair:2
    Orc: D:9-12

Altars:
Ashenzari
Cheibriados
Dithmenos
Elyvilon
Fedhas
Gozag
Hepliaklqana
Kikubaaqudgha
Makhleb
Nemelex Xobeh
Okawaru
Qazlal
Ru
Sif Muna
Trog
Uskayaw
Vehumet
Wu Jian
Xom
Yredelemnul
Zin
The Shining One

Shops:
D:6 [

Annotations:
Lair:1 exclusion: 2 oklob plants


Innate Abilities, Weirdness & Mutations

Your body is rotting away.
You thrive on raw meat.
You are immune to poison.
You have sharp fingernails.
You are carnivorous and can eat meat at any time.
Your flesh is cold resistant. (rC+)
You are immune to negative energy. (rN+++)
You do not regenerate when monsters are visible.
You are immune to unholy pain and torment.
You can survive without breathing.
Your life essence is reduced to manifest your ancestor. (-10% HP)


Message History

The hippogriff claws you.
* * * LOW HITPOINT WARNING * * *
The rime drake bites you but does no damage.
The ice encasing you melts away. The hippogriff barely misses you.
The hippogriff pecks you but does no damage.
The hippogriff claws you but does no damage.
The rime drake bites you but does no damage.
The hippogriff bites you.
* * * LOW HITPOINT WARNING * * *
The hippogriff pecks you but does no damage.
The hippogriff claws you but does no damage.
The rime drake bites you but does no damage.
The hippogriff bites you but does no damage.
The hippogriff pecks you but does no damage.
The hippogriff completely misses you.
The rime drake bites you but does no damage.
The rime drake breathes ice at you. The flash freeze hits you!
You partially resist.
You die...

...## ##.......## ....#
#........# ...## ##.......##
...# ##.........# ...#
#P........## ...##
#..........# ...P#
##.........P# ...##
##<....#....## ##..#
###@....##....# #..#
####lkHH..###....# #.##
#.#..ll..## #....## #..##
###.......## ##.....#
#.#.####........#.###.....##
#.P.............####.#....#
.#.........................#
..†††......................#
..†l.......................#


You could see 2 hippogriffs, 3 basilisks and a rime drake.

Vanquished Creatures
  A hydra (Lair:4)
  2 two-headed ogres (D:10)
  A catoblepas (Lair:3)
  2 death yaks
  Nergalle (D:10)
  Pikel (D:4)
  An oklob plant (Lair:3)
  A cyclops (D:8)
  Joseph (D:9)
  3 rime drakes (Lair:4)
  A komodo dragon (Lair:3)
  3 spiny frogs
  A demonic crawler (Lair:2)
  2 trolls (D:9)
  4 blink frogs
  3 bog bodies (Lair:2)
  10 hippogriffs
  Prince Ribbit (D:4)
  4 wyverns (Lair:4)
  22 yaks
  3 basilisks
  Grum (D:10)
  3 hogs (Lair:4)
  A swamp worm (Lair:2)
  3 porcupines
  5 water moccasins
  3 orc warriors (D:9)
  2 black bears
  8 ogres
  3 phantoms
  2 sky beasts
  5 centaurs
  6 wolves
  A big kobold (D:9)
  4 crocodiles
  Blork the orc (D:6)
  7 bullfrogs
  A gnoll sergeant (D:10)
  3 scorpions
  A water moccasin skeleton (D:6)
  4 wights (D:8)
  2 howler monkeys
  An electric eel (Lair:2)
  3 crimson imps
  3 hounds
  3 jellies
  A centaur zombie (D:8)
  3 orc priests
  A bullfrog skeleton (D:7)
  Terence (D:3)
  4 worker ants
  An iguana (D:4)
  7 orc wizards
  A hound zombie (D:6)
  A hound skeleton (D:4)
  Robin (D:4)
  2 worker ant zombies
  11 gnolls
  13 adders
  2 shadow imps
  An ooze (D:4)
  An adder skeleton (D:5)
  3 worms
  A dart slug (D:1)
  9 leopard geckos
  35 orcs
  4 bats
  4 giant cockroaches
  14 goblins
  8 hobgoblins
  6 jackals
  A quokka (D:10)
  A ball python (D:5)
  4 frilled lizards
  A giant cockroach zombie (D:6)
  6 kobolds
  A quokka skeleton (D:8)
  9 rats
  3 bushes (Lair:3)
  2 fungi (D:1)
  A plant (D:9)
308 creatures vanquished.

Vanquished Creatures (collateral kills)
  Kirke (Lair:4)
  A hydra (Lair:1)
  Erica (D:10)
  2 death yaks (Lair:4)
  3 spiny frogs
  3 komodo dragons
  A troll (D:9)
  2 hippogriffs
  A bog body (Lair:2)
  4 blink frogs
  7 yaks
  A wyvern (Lair:4)
  3 hogs (Lair:4)
  2 basilisks
  Edmund (D:5)
  4 water moccasins
  3 porcupines
  An orc warrior (D:5)
  2 black bears
  A phantom (D:6)
  An ogre (D:7)
  2 centaurs
  4 crocodiles
  4 bullfrogs
  A wight (D:8)
  A crimson imp (D:8)
  A bullfrog zombie (D:6)
  A jelly (D:10)
  2 orc priests
  A centaur skeleton (D:6)
  3 worker ants
  3 gnolls (D:6)
  An adder skeleton (D:6)
  A worm (Lair:2)
  2 leopard geckos
  An orc (D:10)
  A jackal (D:7)
  A fungus (Lair:2)
  A plant (D:9)
76 creatures vanquished.

Vanquished Creatures (others)
  A howler monkey (D:6)
  2 battlemagi
  An ancestor (D:6)
  A bush (Lair:2)
  A fungus (Lair:3)
  A plant (Lair:2)
7 creatures vanquished.

Grand Total: 391 creatures vanquished

Notes
Turn   | Place    | Note
-------+----------+-------------------------------------------
     0 | D:1      | D1HalberdGnoll the Ghoul Fighter began the quest for the
                  | Orb.
     0 | D:1      | Reached XP level 1. HP: 19/19 MP: 0/0
   220 | D:1      | Reached skill level 2 in Axes
   222 | D:1      | Reached XP level 2. HP: 13/25 MP: 1/1
   918 | D:2      | Reached XP level 3. HP: 28/30 MP: 2/2
  1266 | D:2      | Reached XP level 4. HP: 40/40 MP: 3/3
  1451 | D:3      | Reached skill level 3 in Axes
  1539 | D:3      | Found a sparkling altar of Nemelex Xobeh.
  1540 | D:3      | Found an opulent altar of Gozag.
  1540 | D:3      | Noticed Terence
  1556 | D:3      | Killed Terence
  1556 | D:3      | Reached XP level 5. HP: 32/46 MP: 4/4
  2384 | D:3      | Reached XP level 6. HP: 49/53 MP: 5/5
  2644 | D:3      | Reached skill level 4 in Axes
  2856 | D:4      | Reached XP level 7. HP: 33/60 MP: 6/6
  2942 | D:4      | Noticed Robin
  3105 | D:4      | Killed Robin
  3249 | D:4      | Reached skill level 5 in Fighting
  3372 | D:4      | Noticed Pikel
  3396 | D:4      | Killed Pikel
  3396 | D:4      | Reached skill level 5 in Axes
  3396 | D:4      | Reached XP level 8. HP: 36/69 MP: 7/7
  3517 | D:5      | Entered Level 5 of the Dungeon
  3544 | D:5      | Found a staircase to the Ecumenical Temple.
  3625 | D:5      | Noticed Prince Ribbit
  3649 | D:4      | Killed Prince Ribbit
  3649 | D:4      | Reached skill level 6 in Axes
  3649 | D:4      | Reached skill level 5 in Armour
  3649 | D:4      | Reached skill level 5 in Shields
  3887 | Temple   | Entered the Ecumenical Temple
  3955 | Temple   | Became a worshipper of Hepliaklqana the Forgotten
  4190 | D:5      | Noticed Edmund
  4201 | D:5      | Killed Edmund
  4201 | D:5      | Reached XP level 9. HP: 50/67 MP: 8/8
  4313 | D:5      | Found a shadowy altar of Dithmenos.
  4406 | D:6      | Found a shimmering altar of Xom.
  4548 | D:5      | Reached skill level 7 in Axes
  4826 | D:6      | Noticed Blork the orc
  4843 | D:6      | Killed Blork the orc
  5290 | D:6      | Found Ziskex's Antique Armour Shoppe.
  5492 | D:6      | Reached * piety under Hepliaklqana
  5601 | D:7      | Found a glowing golden altar of the Shining One.
  5678 | D:7      | Found an ornate altar of the Wu Jian Council.
  5940 | D:7      | Found a shattered altar of Ashenzari.
  5946 | D:7      | Reached skill level 8 in Axes
  6216 | D:7      | Found a blossoming altar of Fedhas.
  6404 | D:8      | Reached XP level 10. HP: 75/76 MP: 9/9
  6495 | D:8      | Noticed a cyclops
  6523 | D:8      | Killed a cyclops
  6817 | D:8      | Reached ** piety under Hepliaklqana
  6818 | D:8      | Remembered your ancestor Kemmler as a battlemage
  6905 | D:9      | Reached skill level 9 in Axes
  7258 | D:9      | Noticed Joseph
  7281 | D:9      | Killed Joseph
  7434 | D:9      | Reached XP level 11. HP: 60/85 MP: 10/10
  7440 | D:9      | Reached skill level 10 in Axes
  7441 | D:9      | Found an ancient bone altar of Kikubaaqudgha.
  7506 | D:9      | Found a staircase to the Lair.
  7795 | D:10     | Entered Level 10 of the Dungeon
  7822 | D:10     | Noticed Grum
  7837 | D:10     | Killed Grum
  8150 | D:10     | Noticed Nergalle
  8168 | D:10     | Killed Nergalle
  8196 | D:10     | Noticed a two-headed ogre
  8335 | D:10     | Killed a two-headed ogre
  8346 | D:10     | Noticed Erica
  8357 | D:10     | Killed Erica
  8635 | D:10     | Noticed a two-headed ogre
  8642 | D:10     | Killed a two-headed ogre
  8642 | D:10     | Reached skill level 11 in Axes
  9269 | Lair:1   | Entered Level 1 of the Lair of Beasts
  9310 | Lair:1   | Reached XP level 12. HP: 90/90 MP: 11/11
  9404 | Lair:1   | Noticed an eight-headed hydra
  9411 | Lair:1   | Killed a five-headed hydra
  9411 | Lair:1   | Reached skill level 10 in Fighting
  9558 | Lair:1   | Reached *** piety under Hepliaklqana
 10175 | Lair:2   | Found a hole to the Spider Nest.
 10948 | Lair:2   | Found a staircase to the Swamp.
 11234 | Lair:3   | Reached skill level 12 in Axes
 11499 | Lair:3   | Reached **** piety under Hepliaklqana
 12118 | Lair:3   | Reached XP level 13. HP: 104/104 MP: 12/12
 12259 | Lair:4   | Noticed Kirke
 12277 | Lair:4   | Killed Kirke
 12755 | Lair:4   | Reached skill level 13 in Axes
 12941 | Lair:4   | Reached skill level 10 in Shields
 12946 | Lair:4   | Reached skill level 10 in Armour
 12981 | Lair:4   | HP: 4/105 [hippogriff (2)]
 12983 | Lair:4   | Killed from afar by a rime drake

Skill      XL: |  1  2  3  4  5  6  7  8  9 10 11 12 13 |
---------------+----------------------------------------+-----
Axes           | 2 3 4 5 6 8 9 11 12 13 | 13.3
Shields        | 3 4 5 6 7 8 9 10 | 10.1
Armour         | 3 4 5 6 7 8 9 10 | 10.0
Fighting       | 4 5 6 7 8 9 11 | 11.7

Action                   |  1- 3 |  4- 6 |  7- 9 | 10-12 | 13-15 || total
-------------------------+-------+-------+-------+-------+-------++-------
Melee: War axe           |    90 |       |       |       |       ||    90
       Flail             |    20 |   171 |    73 |       |       ||   264
       Whip              |       |       |   302 |       |       ||   302
       Broad axe         |       |       |    54 |   426 |   127 ||   607
Throw: Tomahawk          |       |       |     3 |       |       ||     3
Invok: Ancestor Identity |       |       |     1 |     1 |       ||     2
       Ancestor Life: Ba |       |       |       |     1 |       ||     1
Evoke: Wand              |       |       |       |     3 |       ||     3
  Use: Scroll            |       |     2 |    18 |     6 |     2 ||    28
       Potion            |       |     1 |     2 |     1 |     1 ||     5
 Stab: Distracted        |       |       |       |     4 |       ||     4
  Eat: Chunk             |     8 |    18 |    13 |    31 |    12 ||    82
       Ration            |       |       |       |     1 |       ||     1
Armor: Scale mail        |    50 |    33 |       |       |       ||    83
       Plate armour      |       |    34 |   210 |   281 |   125 ||   650
Dodge: Dodged            |    39 |    42 |    60 |    87 |    44 ||   272
Block: Shield            |    56 |    89 |   192 |   222 |    91 ||   650
